AoeStats
← Maty

Arabia

510312948Analyzed
4v4 RM · 2d ago on Sep 30, 2026· 14m 29s· 8 players
Game mode
Random Map
Map size
Large (8 player)
Population
200
Speed
Normal
Resources
Standard
Victory
Conquest
Starting age
Dark Age
Ending age
Imperial Age
RankedLock teamsTeams togetherTeam positionsShared explorationLock speedFull tech treeHidden civsTurbo modeCheats
Victory
Defeat
🇦🇷 Britons · Argentina
1487
+15
🇨🇳 Huns · China
1466
+16
🇭🇰 Persians · Hong Kong SAR China
1439
+17
🇹🇼 Burgundians · Taiwan
1429
+17
🇪🇨 Saxons · Ecuador
1500
-18
🇫🇷 Vietnamese · France
1492
-17
🇩🇪 Persians · Germany
1425
-15
🇻🇳 Franks · Vietnam
1419
-15
勤奮的兔兔
7:08 Loom
8:55 Feudal Age
9:24 Double-Bit Axe
9:19 Horse Collar
9:58 Loom
lun
10:15 Feudal Age
8:43 Double-Bit Axe
8:42 Horse Collar
10:24 Loom
13:50 Bow Saw
自娱自乐
6:06 Loom
9:18 Feudal Age
14:53 Double-Bit Axe
中國香港玩家
6:46 Loom
8:54 Feudal Age
13:20 Fletching
Maty
7:09 Loom
11:01 Feudal Age
12:39 Double-Bit Axe
Florenzi
7:30 Loom
9:37 Feudal Age
10:13 Double-Bit Axe
10:22 Gold Mining
11:53 Wheelbarrow
14:24 Town Watch
shogun
7:21 Loom
10:12 Feudal Age
Tsunade
6:16 Loom
8:33 Feudal Age
9:21 Double-Bit Axe
10:47 Horse Collar
Connection lost

Rejoining the realm…

Still unreachable

The connection could not be restored.

Session expired

The server has moved on; the page needs a fresh start.